 Dungeon Crawl Stone Soup version 0.31-a0-771-g505c3d19dc (webtiles) character file.

Game seed: 4670780560384694159

8458 randomguy2701 the Blocker (level 11, -9/89 HPs)
             Began as a Gnoll Fighter on Sept 16, 2023.
             Was a High Priest of Okawaru.
             Killed from afar by an acid dragon (30 damage)
             ... with a splash of acid
             ... on level 9 of the Dungeon.
             The game lasted 00:11:46 (8679 turns).

randomguy2701 the Blocker (Gnoll Fighter)           Turns: 8679, Time: 00:11:47

Health: -9/89      AC: 21    Str: 21    XL:     11   Next: 31%
Magic:  20/20      EV: 14    Int:  1    God:    Okawaru [*****.]
Gold:   558        SH:  8    Dex: 17    Spells: 22/22 levels left

rFire   + . .        B - +5 hammer of the Transmuting Jester {heavy, rElec Str+3 Int-5 Stlth+}
rCold   + . .        c - +0 buckler
rNeg    + . .        F - +4 chain mail "Buolek" {rN+ Int+2 SInv}
rPois   +            (no helmet)
rElec   +            G - +0 cloak
rCorr   .            (no gloves)
SInv    +            N - +1 pair of boots of Houlasiontu {rC+}
Will    .....        (no amulet)
Stlth   +++          f - +4 ring of protection
HPRegen 0.34/turn    H - ring "Axkaqyokk" {rPois rF+ Int-3 Dex+3}
MPRegen 0.17/turn

%: no passive effects
@: heroic, corroded
A: fangs 1, strong nose, distributed training
a: Renounce Religion, Heroism, Finesse, Duel


You were on level 9 of the Dungeon.
You worshipped Okawaru.
Okawaru was extremely pleased with you.
You visited 1 branch of the dungeon, and saw 9 of its levels.
You also visited: Bailey.

You collected 558 gold pieces.

Inventory:

Hand Weapons
 a - a +0 war axe
 B - the +5 hammer of the Transmuting Jester (weapon) {heavy, rElec Str+3 Int-5 Stlth+}
   (You found it on level 3 of the Dungeon)

   Str+3:     It affects your strength (+3).
   Int-5:     It affects your intelligence (-5).
   rElec:     It insulates you from electricity.
   Stlth+:    It makes you more stealthy.
Missiles
 m - 2 throwing nets
Armour
 c - a +0 buckler (worn)
 w - a scarf of harm
 F - the +4 chain mail "Buolek" (worn) {rN+ Int+2 SInv}
   (You found it on level 7 of the Dungeon)

   Int+2:     It affects your intelligence (+2).
   rN+:       It protects you from negative energy.
   SInv:      It lets you see invisible.
 G - a +0 cloak (worn)
 N - the +1 pair of boots of Houlasiontu (worn) {rC+}
   (Okawaru gifted it to you on level 9 of the Dungeon)

   rC+:       It protects you from cold.
Jewellery
 f - a +4 ring of protection (left hand)
 g - a +6 ring of intelligence
 u - a +4 ring of protection
 z - a ring of protection from fire
 D - a ring of protection from cold
 H - the ring "Axkaqyokk" (right hand) {rPois rF+ Int-3 Dex+3}
   (You found it on level 7 of the Dungeon)

   [ring of protection from fire]

   Int-3:     It affects your intelligence (-3).
   Dex+3:     It affects your dexterity (+3).
   rF+:       It protects you from fire.
   rPois:     It protects you from poison
Wands
 x - a wand of mindburst (10)
 K - a wand of iceblast (10)
 Q - a wand of flame (9)
Scrolls
 d - a scroll of poison {unknown}
 e - 3 scrolls of identify
 i - 3 scrolls of revelation {unknown}
 n - 3 scrolls of blinking {unknown}
 o - 2 scrolls of enchant weapon {unknown}
 r - 3 scrolls of fear {unknown}
 s - 4 scrolls of fog {unknown}
 y - 4 scrolls of vulnerability
 A - 3 scrolls of teleportation {unknown}
 C - 2 scrolls of immolation {unknown}
 J - a scroll of noise {unknown}
 L - a scroll of torment {unknown}
 M - a scroll of butterflies {unknown}
 O - 2 scrolls of enchant armour {unknown}
 S - a scroll of amnesia {unknown}
Potions
 b - 2 potions of attraction {unknown}
 h - 2 potions of resistance
 j - 3 potions of invisibility {unknown}
 k - a potion of lignification
 l - a potion of heal wounds
 p - a potion of ambrosia {unknown}
 q - 3 potions of brilliance {unknown}
 t - 2 potions of enlightenment {unknown}
 v - 5 potions of curing {unknown}
 E - a potion of cancellation {unknown}
 I - 2 potions of degeneration {unknown}
 P - 3 potions of mutation {unknown}
 R - 2 potions of haste {unknown}


   Skills:
 + Level 9.2(14.2) Fighting
 + Level 6.3(11.3) Short Blades
 + Level 6.3(11.3) Long Blades
 + Level 7.9(12.9) Axes
 + Level 6.3(11.3) Maces & Flails
 + Level 6.3(11.3) Polearms
 + Level 6.3(11.3) Staves
 + Level 6.3(11.3) Ranged Weapons
 + Level 6.3(11.3) Throwing
 + Level 9.2(14.2) Armour
 + Level 6.3(11.3) Dodging
 + Level 6.3(11.3) Stealth
 + Level 9.2(14.2) Shields
 + Level 6.3(11.3) Unarmed Combat
 + Level 6.3 Spellcasting
 + Level 5.2 Conjurations
 + Level 5.2 Hexes
 + Level 5.2 Summonings
 + Level 5.2 Necromancy
 + Level 5.2 Translocations
 + Level 5.2 Transmutations
 + Level 5.2 Fire Magic
 + Level 5.2 Ice Magic
 + Level 5.2 Air Magic
 + Level 5.2 Earth Magic
 + Level 5.2 Poison Magic
 + Level 6.9 Invocations
 + Level 6.3 Evocations
 + Level 5.7 Shapeshifting


You had 22 spell levels left.
You didn't know any spells.
Your spell library contained the following spells:

 Spells                   Type           Power      Damage    Failure   Level
 Foxfire                  Conj/Fire      4%         2x1d4     21%         1
 Cigotuvi's Dreadful Rot  Necr/Pois/Air  2%         N/A       30%         2
 Static Discharge         Conj/Air       2%         2-3/arc   30%         2
 Ignite Poison            Fire/Tmut/Pois 1%         N/A       52%         3
 Volatile Blastmotes      Fire/Tloc      2%         2d10      52%         3
 Airstrike                Air            0%         2d(1-17)  90%         4
 Fulminant Prism          Conj/Hex       0%         3d5       90%         4
 Iskenderun's Mystic Bla  Conj/Tloc      1%         2d3       90%         4
 Passage of Golubria      Tloc           1%         N/A       90%         4
 Freezing Cloud           Conj/Ice/Air   0%         6-21      99%         5
 Yara's Violent Unravell  Hex/Tmut       0%         3d3       99%         5
 Plasma Beam              Fire/Air       0%         2x1d10    100%        6
 Starburst                Conj/Fire      0%         6d3       100%        6
 Ozocubu's Refrigeration  Ice            0%         4d7       100%        7
 Polar Vortex             Ice            0%         N/A       100%        9
 Tukima's Dance           Hex            Unusable   N/A       N/A         3
 Summon Lightning Spire   Summ/Air       Unusable   N/A       N/A         4
 Simulacrum               Ice/Necr       Unusable   N/A       N/A         6

Dungeon Overview and Level Annotations

Branches:
Dungeon (9/15)             Temple (0/1) D:4            Lair (0/5) D:8
 Bailey (visited)
    Orc: D:9-12

Altars:
Ashenzari
Dithmenos
Nemelex Xobeh
Okawaru
Sif Muna
Uskayaw
Wu Jian
Yredelemnul
Zin

Shops:
D:1 :*

Annotations:
D:4 3 runed translucent doors, Psyclone's ghost, amateur DEFE


Innate Abilities, Weirdness & Mutations

You have very sharp teeth.
Your uncanny sense of smell can sniff out nearby items.
Your experience applies equally to all skills.


Message History

Prince Ribbit is heavily wounded.
Prince Ribbit hits you but does no damage.
The wyvern closely misses you.
Prince Ribbit blinks!
The wyvern bites you but does no damage.
You sock the wyvern!
The wyvern is heavily wounded.
The wyvern closely misses you.
Prince Ribbit winks and puckers his lips.
Prince Ribbit blinks!
The wyvern barely misses you.
You barely miss Prince Ribbit.
Prince Ribbit is heavily wounded.
The wyvern bites you! You block Prince Ribbit's attack.
You sock Prince Ribbit!
Prince Ribbit is severely wounded.
The wyvern barely misses you. Prince Ribbit hits you!
The wyvern bites you but does no damage.
You block Prince Ribbit's attack.
You are too injured to fight recklessly!
Unknown command.
You are too injured to fight recklessly!
There are monsters nearby!
You thump Prince Ribbit!
You kill Prince Ribbit!
Okawaru accepts your kill. The wyvern misses you. The acid dragon misses you.
The acid dragon claws you but does no damage.
The wyvern bites you but does no damage.
Unknown command.
You barely miss the wyvern.
The wyvern is heavily wounded.
The wyvern barely misses you. The acid dragon spits acid at you.
The splash of acid hits you!!
* * * LOW HITPOINT WARNING * * *
The acid corrodes you! You block the wyvern's attack.
You feel much better. The wyvern bites you.
* * * LOW HITPOINT WARNING * * *
The acid dragon spits acid at you. The splash of acid hits you!!
You die...

.......# ##........
#......######........
......................
......................
........###...........
... ####........
#...####........
#...............
##.....@l.......
##....D....#...
#.......###....
#........ ....
#......... ...
...........> ..
......####... ......
####


You could see a wyvern and an acid dragon (catching breath).

Vanquished Creatures
  Erica (D:8)
  2 two-headed ogres
  A komodo dragon (D:8)
  A kobold demonologist (D:8)
  Psyche (D:8)
  A troll (D:8)
  Prince Ribbit (D:9)
  A spriggan (Bailey)
  Sigmund (D:4)
  A wyvern (D:7)
  9 yaks
  2 steam dragons
  2 water moccasins
  2 black bears
  An orc warrior (D:9)
  A sky beast (D:6)
  3 wolves (D:8)
  5 ogres
  2 centaurs
  A phantom (D:6)
  2 kobold brigands
  2 bullfrogs
  4 scorpions
  2 wights (D:9)
  9 killer bees
  3 howler monkeys
  An electric eel (D:8)
  3 jellies
  5 orc priests
  Crazy Yiuf (D:3)
  4 hounds
  7 iguanas
  A sleepcap (D:6)
  4 orc wizards
  4 adders
  4 gnolls
  A white imp (D:7)
  A worm (D:2)
  2 dart slugs
  31 orcs
  4 ball pythons
  9 bats
  5 endoplasms
  4 giant cockroaches
  6 hobgoblins
  4 jackals
  3 quokkas
  2 frilled lizards (D:1)
  8 goblins
  18 kobolds
  3 rats
196 creatures vanquished.

Vanquished Creatures (others)
  An electric eel (D:8)
1 creature vanquished.

Grand Total: 197 creatures vanquished

Notes
Turn   | Place    | Note
-------+----------+-------------------------------------------
     0 | D:1      | randomguy2701 the Gnoll Fighter began the quest for the
                  | Orb.
     0 | D:1      | Reached XP level 1. HP: 23/23 MP: 1/1
   423 | D:1      | Found Qedoyfi's Assorted Antiques.
   432 | D:1      | Reached XP level 2. HP: 29/29 MP: 2/2
   454 | D:1      | Found Komol's Book Boutique.
   963 | D:2      | Reached XP level 3. HP: 35/35 MP: 3/3
   971 | D:2      | Found a broken altar of Ashenzari.
  1085 | D:2      | Reached skill level 1 in Invocations
  1435 | D:2      | Reached skill level 1 in Short Blades
  1435 | D:2      | Reached skill level 1 in Long Blades
  1435 | D:2      | Reached skill level 1 in Maces & Flails
  1435 | D:2      | Reached skill level 1 in Polearms
  1435 | D:2      | Reached skill level 1 in Staves
  1435 | D:2      | Reached skill level 1 in Ranged Weapons
  1435 | D:2      | Reached skill level 1 in Throwing
  1435 | D:2      | Reached skill level 1 in Dodging
  1435 | D:2      | Reached skill level 1 in Stealth
  1435 | D:2      | Reached skill level 1 in Unarmed Combat
  1435 | D:2      | Reached skill level 1 in Spellcasting
  1435 | D:2      | Reached skill level 1 in Evocations
  1633 | D:3      | Found a shadowy altar of Dithmenos.
  1670 | D:2      | Reached XP level 4. HP: 36/41 MP: 5/5
  1673 | D:2      | Reached skill level 1 in Shapeshifting
  1762 | D:3      | Reached skill level 1 in Conjurations
  1762 | D:3      | Reached skill level 1 in Hexes
  1762 | D:3      | Reached skill level 1 in Summonings
  1762 | D:3      | Reached skill level 1 in Necromancy
  1762 | D:3      | Reached skill level 1 in Translocations
  1762 | D:3      | Reached skill level 1 in Transmutations
  1762 | D:3      | Reached skill level 1 in Fire Magic
  1762 | D:3      | Reached skill level 1 in Ice Magic
  1762 | D:3      | Reached skill level 1 in Air Magic
  1762 | D:3      | Reached skill level 1 in Earth Magic
  1762 | D:3      | Reached skill level 1 in Poison Magic
  1842 | D:3      | Reached XP level 5. HP: 35/47 MP: 5/7
  2068 | D:3      | Found a runed translucent door.
  2069 | D:3      | Noticed Crazy Yiuf
  2120 | D:3      | Found an iron altar of Okawaru.
  2321 | D:3      | Became a worshipper of Warmaster Okawaru
  2425 | D:4      | Found a staircase to the Ecumenical Temple.
  2482 | D:4      | Found a runed translucent gate.
  2486 | D:4      | Found a runed translucent gate.
  2486 | D:4      | Found a runed translucent gate.
  2488 | D:4      | Noticed Sigmund
  2489 | D:4      | Noticed Psyclone's ghost (amateur DEFE)
  2500 | D:4      | Killed Sigmund
  2501 | D:4      | Reached skill level 5 in Axes
  2501 | D:4      | Reached XP level 6. HP: 49/53 MP: 7/9
  2600 | D:4      | Reached * piety under Okawaru
  2676 | D:4      | Found a hide-covered altar of Uskayaw.
  2692 | D:4      | Reached XP level 7. HP: 40/59 MP: 10/10
  3070 | D:4      | Found a faded altar of an unknown god.
  3070 | D:4      | Found a sparkling altar of Nemelex Xobeh.
  3078 | D:4      | Found a basalt altar of Yredelemnul.
  3080 | D:4      | Found an ornate altar of the Wu Jian Council.
  3082 | D:4      | Found a glowing silver altar of Zin.
  3173 | D:5      | Entered Level 5 of the Dungeon
  3356 | D:5      | Reached XP level 8. HP: 19/67 MP: 10/12
  3365 | D:5      | Reached ** piety under Okawaru
  4095 | D:3      | Killed Crazy Yiuf
  4137 | D:3      | Identified the +5 hammer of the Transmuting Jester {heavy,
                  | rElec Str+3 Int-5 Stlth+}
  4761 | D:6      | Reached XP level 9. HP: 57/73 MP: 14/14
  5395 | D:7      | Reached *** piety under Okawaru
  5411 | D:7      | Identified the +4 chain mail "Buolek" {rN+ Int+2 SInv}
  6137 | D:7      | Identified the ring "Axkaqyokk" {rPois rF+ Int-3 Dex+3}
  6231 | D:8      | Reached skill level 5 in Invocations
  6238 | D:8      | Reached **** piety under Okawaru
  6679 | D:8      | Reached XP level 10. HP: 80/80 MP: 17/17
  6698 | D:8      | Noticed Psyche
  6711 | D:8      | Killed Psyche
  6712 | D:8      | Reached skill level 5 in Short Blades
  6712 | D:8      | Reached skill level 5 in Long Blades
  6712 | D:8      | Reached skill level 5 in Maces & Flails
  6712 | D:8      | Reached skill level 5 in Polearms
  6712 | D:8      | Reached skill level 5 in Staves
  6712 | D:8      | Reached skill level 5 in Ranged Weapons
  6712 | D:8      | Reached skill level 5 in Throwing
  6712 | D:8      | Reached skill level 5 in Dodging
  6712 | D:8      | Reached skill level 5 in Stealth
  6712 | D:8      | Reached skill level 5 in Unarmed Combat
  6712 | D:8      | Reached skill level 5 in Spellcasting
  6712 | D:8      | Reached skill level 5 in Evocations
  7050 | D:8      | Found a staircase to the Lair.
  7154 | D:8      | Found a shimmering blue altar of Sif Muna.
  7562 | D:8      | Noticed a kobold demonologist
  7582 | D:8      | Killed a kobold demonologist
  7583 | D:8      | Reached skill level 5 in Shapeshifting
  7879 | D:9      | Noticed Erica
  7895 | D:8      | Killed Erica
  7895 | D:8      | Reached ***** piety under Okawaru
  8140 | D:9      | Identified the +1 pair of boots of Houlasiontu {rC+}
                  | (Okawaru gifted it to you on level 9 of the Dungeon)
  8140 | D:9      | Received a gift from Okawaru
  8167 | D:9      | Found a flagged portal.
  8202 | Bailey   | Entered a bailey
  8280 | Bailey   | Reached XP level 11. HP: 64/87 MP: 19/19
  8294 | Bailey   | Reached skill level 5 in Conjurations
  8294 | Bailey   | Reached skill level 5 in Hexes
  8294 | Bailey   | Reached skill level 5 in Summonings
  8294 | Bailey   | Reached skill level 5 in Necromancy
  8294 | Bailey   | Reached skill level 5 in Translocations
  8294 | Bailey   | Reached skill level 5 in Transmutations
  8294 | Bailey   | Reached skill level 5 in Fire Magic
  8294 | Bailey   | Reached skill level 5 in Ice Magic
  8294 | Bailey   | Reached skill level 5 in Air Magic
  8294 | Bailey   | Reached skill level 5 in Earth Magic
  8294 | Bailey   | Reached skill level 5 in Poison Magic
  8359 | Bailey   | Noticed a two-headed ogre
  8367 | Bailey   | Killed a two-headed ogre
  8660 | D:9      | Noticed a two-headed ogre
  8663 | D:9      | Noticed Prince Ribbit
  8670 | D:9      | Killed a two-headed ogre
  8677 | D:9      | Killed Prince Ribbit
  8679 | D:9      | Killed from afar by an acid dragon

Illustrated notes

Levels and vault maps discovered:
D:1:      dpeg_arrival_three_same_balls, layout_loops_ring, serial_shops, shop,
          shop, minmay_tall_x
D:2:      layout_loops_ring, basic_altar
D:3:      layout_rooms, okawaru_trees_2, grunt_dithmenos_smoke,
          uniq_crazy_yiuf_cottage
D:4:      layout_cave_pools, general_overflow_altar,
          chequers_temple_overflow_minitemple,
          minmay_temple_entry_drinking_statues, ebering_ghost_rock_garden,
          hangedman_abyss_or_decor_slice, uniq_sigmund
D:5:      layout_loops_ring, minmay_chambers_of_fives
D:6:      layout_cave_pools, grunt_ministairs_2
D:7:      layout_loops_cross
D:8:      layout_basic, mainiacjoe_overflow_24_doors, erik_lair_island,
          wad_mini_maze, uniq_psyche
D:9:      layout_layer_cave, enter_bailey_2, uniq_gastronok, uniq_erica,
          uniq_prince_ribbit1

Skill      XL: |  1  2  3  4  5  6  7  8  9 10 11 |
---------------+----------------------------------+-----
Invocations    | 1 2 3 4 5 6 |  6.9
Short Blades   | 1 2 3 4 5 6 |  6.3
Long Blades    | 1 2 3 4 5 6 |  6.3
Maces & Flails | 1 2 3 4 5 6 |  6.3
Polearms       | 1 2 3 4 5 6 |  6.3
Staves         | 1 2 3 4 5 6 |  6.3
Ranged Weapons | 1 2 3 4 5 6 |  6.3
Throwing       | 1 2 3 4 5 6 |  6.3
Dodging        | 1 2 3 4 5 6 |  6.3
Stealth        | 1 2 3 4 5 6 |  6.3
Unarmed Combat | 1 2 3 4 5 6 |  6.3
Spellcasting   | 1 2 3 4 5 6 |  6.3
Evocations     | 1 2 3 4 5 6 |  6.3
Shapeshifting  | 1 2 3 4 5 |  5.7
Conjurations   | 1 2 3 4 5 |  5.2
Hexes          | 1 2 3 4 5 |  5.2
Summonings     | 1 2 3 4 5 |  5.2
Necromancy     | 1 2 3 4 5 |  5.2
Translocations | 1 2 3 4 5 |  5.2
Transmutations | 1 2 3 4 5 |  5.2
Fire Magic     | 1 2 3 4 5 |  5.2
Ice Magic      | 1 2 3 4 5 |  5.2
Air Magic      | 1 2 3 4 5 |  5.2
Earth Magic    | 1 2 3 4 5 |  5.2
Poison Magic   | 1 2 3 4 5 |  5.2
Axes           | 5 6 7 |  7.9
Fighting       | 7 8 9 |  9.2
Armour         | 7 8 9 |  9.2
Shields        | 7 8 9 |  9.2

Action                     |  1- 3 |  4- 6 |  7- 9 | 10-12 || total
---------------------------+-------+-------+-------+-------++-------
  Melee: War axe           |    80 |   100 |    80 |       ||   260
         Bite              |     5 |    10 |    34 |    18 ||    67
         Mace              |       |       |   152 |   172 ||   324
 Invoke: Heroism           |       |       |     2 |     5 ||     7
    Use: Potion            |       |       |     3 |     1 ||     4
         Scroll            |       |       |     3 |       ||     3
 Armour: Scale mail        |    71 |    39 |       |       ||   110
         Plate armour      |       |    36 |   252 |       ||   288
         Chain mail        |       |       |    63 |   242 ||   305
  Dodge: Dodged            |    52 |    35 |   127 |   184 ||   398
  Block: Buckler           |    19 |    27 |    89 |   122 ||   257

Table legend: (Time is in decaauts)
 A = Elapsed time spent in this place.
 B = Non-inter-level travel time spent in this place.
 C = Inter-level travel time spent in this place.
 D = Time resting spent in this place.
 E = Time spent auto-exploring this place.
 F = Levels seen in this place.
 G = Mean time per level.
                   A        B        C        D        E       F      G
               +--------+--------+--------+--------+--------+-----+--------+
         Total |   8998 |   8471 |    527 |    269 |   6547 |  10 |  899.8 |
       Dungeon |   8658 |   8131 |    527 |    269 |   6340 |   9 |  962.0 |
        Bailey |    339 |    339 |      0 |      0 |    207 |   1 |  339.0 |
               +--------+--------+--------+--------+--------+-----+--------+

Top non-repeatable levels by time:
     D:8: 1946 daAuts
     D:5: 1135 daAuts
     D:7: 935 daAuts
     D:1: 935 daAuts
     D:6: 895 daAuts
     D:3: 859 daAuts
     D:4: 844 daAuts
     D:2: 796 daAuts
  Bailey: 339 daAuts
     D:9: 310 daAuts
